 Dungeon Crawl Stone Soup version 0.23.2-33-g5129a83184 (webtiles) character file.

Game seed: 17595363737027643533

242 Acheron the Stinger (level 5, -1/42 HPs)
             Began as a Draconian Wanderer on July 21, 2019.
             Slain by Pikel
             ... wielding a +0 whip of flaming
              (9 damage)
             ... on level 5 of the Dungeon.
             The game lasted 00:17:56 (3259 turns).

Acheron the Stinger (Draconian Wanderer)            Turns: 3259, Time: 00:17:57

Health: -1/42      AC:  6    Str: 16    XL:     5   Next: 82%
Magic:  8/8        EV: 12    Int: 11    God:
Gold:   159        SH:  4    Dex: 13    Spells: 8/8 levels left

rFire    . . .     SeeInvis .   g - +1 spear
rCold    . . .     Gourm    .   d - +0 buckler
rNeg     . . .     Faith    .   (armour unavailable)
rPois    .         Spirit   .   (helmet restricted)
rElec    .         Reflect  .   k - +0 cloak
rCorr    .         Harm     .   (no gloves)
MR       .....                  (no boots)
Stlth    +.........             (no amulet)
HPRegen  0.14/turn              (no ring)
MPRegen  0.11/turn              (no ring)

@: no status effects
A: unfitting armour, hooves 2, agile 1, deterioration 1, cold-blooded, AC +5
a: no special abilities


You were on level 5 of the Dungeon.
You were not hungry.

You visited 1 branch of the dungeon, and saw 5 of its levels.

You collected 159 gold pieces.

Inventory:

Hand Weapons
 a - a +2 blowgun
 g - a +1 spear (weapon)
 o - a +0 rapier
 p - a +0 vampiric whip
 t - a +0 hunting sling
 A - a +0 short sword
Missiles
 b - 3 curare-tipped needles
 e - 124 stones (quivered)
 j - 35 poisoned needles
 u - 33 sling bullets
Armour
 d - a +0 buckler (worn)
 k - a +0 cloak (worn)
Jewellery
 x - an uncursed ring of stealth
 y - a +3 ring of strength {unknown}
Wands
 i - a wand of flame (10)
Potions
 h - a potion of ambrosia
Comestibles
 c - 3 chunks of flesh
 f - 3 rations


   Skills:
 * Level 2.3 Fighting
 + Level 1.6(2.1) Polearms
   Level 2.0(2.3) Staves
 * Level 2.0 Throwing
 + Level 1.6 Dodging
 * Level 1.6 Stealth
 * Level 2.5 Shields
 + Level 0.5 Unarmed Combat
 * Level 2.2 Spellcasting
   Level 4.0 Poison Magic


You had 8 spell levels left.
You didn't know any spells.
Your spell library contained the following spells:

 Spells                   Type           Power        Failure   Level  Hunger
 Passwall                 Tmut/Erth      #.......     45%         2    ###....
 Sticks to Snakes         Tmut           #.......     45%         2    ###....


Dungeon Overview and Level Annotations

Branches:
Dungeon (5/15)
 Temple: D:4-7

Altars:
Makhleb
Qazlal
Xom
Zin

Annotations:
D:2 Sigmund
D:3 exclusion: upstairs
D:5 Pikel


Innate Abilities, Weirdness & Mutations

Your plain brown scales are hard. (AC +5)
You cannot fit into any form of body armour.
You are cold-blooded and may be slowed by cold attacks.
You have hoof-like feet.
You are agile. (Dex +2)
Your body sometimes deteriorates upon taking damage.


Message History

Pikel hits you with a +0 whip of flaming.
* * * LOW HITPOINT WARNING * * *
Pikel burns you.
* * * LOW HITPOINT WARNING * * *
You closely miss Pikel.
Your tail-slap misses Pikel.
Pikel is lightly wounded.
You block Pikel's attack.
You hit Pikel. Your kick misses Pikel.
Pikel is moderately wounded.
Pikel hits you with a +0 whip of flaming.
* * * LOW HITPOINT WARNING * * *
Pikel burns you.
* * * LOW HITPOINT WARNING * * *
You barely miss Pikel.
Pikel is moderately wounded.
You block Pikel's attack.
You closely miss Pikel.
Pikel is moderately wounded.
Pikel hits you with a +0 whip of flaming!
You die...

#########
........#
#@##
#.#K###
..###pp#
### #.#p#
#.##l#
... #.
#.# #.# #
#.# #p#
##.#


You could see Pikel, 3 slaves and a leopard gecko.

Vanquished Creatures
  A howler monkey (D:4)
  A crimson imp (D:3)
  Jessica (D:2)
  A worker ant (D:4)
  4 adders
  A worm (D:3)
  A leopard gecko (D:1)
  2 orcs (D:3)
  5 bats
  2 giant cockroaches
  11 hobgoblins
  A jackal (D:4)
  A quokka (D:2)
  A ball python (D:4)
  3 frilled lizards
  9 goblins
  6 kobolds
  5 rats
56 creatures vanquished.

Vanquished Creatures (others)
  5 dream sheep (D:3)
5 creatures vanquished.

Grand Total: 61 creatures vanquished

Notes
Turn   | Place    | Note
-------+----------+-------------------------------------------
     0 | D:1      | Acheron the Draconian Wanderer began the quest for the Orb.
     0 | D:1      | Acheron set off with the following items: a +2 blowgun, 3
                  | curare-tipped needles, a +0 buckler, a ration; and the
                  | following spells available to memorise: Passwall, Sticks to
                  | Snakes
     0 | D:1      | Reached XP level 1. HP: 16/16 MP: 2/2
   368 | D:1      | Reached XP level 2. HP: 10/23 MP: 4/4
   705 | D:2      | Noticed Jessica
   711 | D:2      | Killed Jessica
   711 | D:2      | Reached XP level 3. HP: 22/29 MP: 5/5
  1264 | D:3      | Reached skill level 1 in Dodging
  1333 | D:2      | Found a glowing silver altar of Zin.
  1378 | D:2      | Reached XP level 4. HP: 28/36 MP: 6/6
  1612 | D:2      | Found a stormy altar of Qazlal.
  1942 | D:2      | Noticed Sigmund
  2190 | D:3      | Reached skill level 1 in Stealth
  2418 | D:3      | Found a burning altar of Makhleb.
  2429 | D:3      | Reached skill level 1 in Polearms
  2495 | D:3      | Reached XP level 5. HP: 35/41 MP: 6/8
  2628 | D:3      | Noticed a dream sheep
  2628 | D:3      | Noticed a dream sheep
  2628 | D:3      | Noticed a dream sheep
  2628 | D:3      | Noticed a dream sheep
  2628 | D:3      | Noticed a dream sheep
  2628 | D:3      | Found a shimmering altar of Xom.
  2632 | D:3      | Killed a dream sheep
  2632 | D:3      | Killed a dream sheep
  2633 | D:3      | Killed a dream sheep
  2635 | D:3      | Killed a dream sheep
  2637 | D:3      | Killed a dream sheep
  2915 | D:5      | Entered Level 5 of the Dungeon
  2929 | D:5      | Noticed a slave
  3161 | D:5      | Noticed a hippogriff
  3231 | D:5      | Noticed a slave
  3239 | D:5      | Noticed a slave
  3240 | D:5      | Noticed Pikel
  3243 | D:5      | Gained mutation: You have large cloven feet. [potion of
                  | mutation]
  3243 | D:5      | Gained mutation: You have hoof-like feet. [potion of
                  | mutation]
  3243 | D:5      | Gained mutation: Your body sometimes deteriorates upon
                  | taking damage. [potion of mutation]
  3243 | D:5      | Gained mutation: You are agile. (Dex +2) [potion of
                  | mutation]
  3259 | D:5      | Slain by Pikel

Skill      XL: |  1  2  3  4  5 |
---------------+----------------+-----
Dodging        | 1 |  1.6
Shields        | 2 |  2.5
Fighting       | 2 |  2.3
Stealth        | 1 |  1.6
Polearms       | 1 |  1.6
Spellcasting   | 2 |  2.2
Throwing       | 2 |  2.0
Staves         | |  2.0
Unarmed Combat | |  0.5
Poison Magic   | |  4.0

Action                   |  1- 3 |  4- 6 || total
-------------------------+-------+-------++-------
Melee: Unarmed           |    71 |       ||    71
       Spear             |   109 |   207 ||   316
       Tailslap          |    17 |    23 ||    40
       Kick              |       |     1 ||     1
Evoke: Wand              |       |     1 ||     1
  Use: Scroll            |     1 |     8 ||     9
       Potion            |       |     4 ||     4
 Stab: Distracted        |       |     1 ||     1
       Sleeping          |       |     1 ||     1
  Eat: Chunk             |     2 |     3 ||     5
       Ration            |       |     1 ||     1
Armor: Skin              |    73 |    71 ||   144
Dodge: Dodged            |   118 |    94 ||   212
Block: Buckler           |    37 |    38 ||    75
